 Dungeon Sprint DCSS version 0.22-a0-479-gc6e99f3 (webtiles) character file.

229742 raistware the Impregnable (level 17, -3/124 HPs)
             Began as a Gargoyle Fighter on June 12, 2018.
             Was the Champion of the Shining One.
             Killed from afar by a red draconian (24 damage)
             ... with a searing blast
             ... in the Dungeon (Sprint IX: "|||||||||||||||||||||||||||||") on June 14, 2018.
             The game lasted 01:17:24 (5914 turns).

raistware the Impregnable (Gargoyle Fighter)        Turns: 5914, Time: 01:17:25

Health: -3/124     AC: 50    Str: 31    XL:     17   Next: 40%
Magic:  7/30       EV: 17    Int: 10    God:    the Shining One [******]
Gold:   1444       SH: 36    Dex: 10    Spells: 16/16 levels left

rFire    . . .     SeeInvis .   h - +4 trishula (holy)
rCold    . . .     Gourm    .   q - +8 large shield {reflect}
rNeg     + + +     Faith    .   C - +6 plate armour
rPois    ∞         Spirit   .   k - +2 helmet
rElec    +         Reflect  +   J - +1 cloak
rCorr    .         Harm     .   o - +0 pair of gloves
MR       +....     NoTele   +   I - +1 pair of boots
Stlth    ..........             b - +4 amulet of reflection
HPRegen  0.30/turn              r - +2 ring of evasion
MPRegen  0.22/turn              u - +6 ring of strength

@: glowing
A: big wings, negative energy resistance 1, electricity resistance, unbreathing,
petrification resistance, rot immunity, AC +12
}: 5/15 runes: decaying, serpentine, barnacled, silver, gossamer
a: Fly, Divine Shield, Cleansing Flame, Summon Divine Warrior, Renounce Religion


You were in the Dungeon.
You worshipped the Shining One.
The Shining One was exalted by your worship.
You were not hungry.

You visited 1 branch You collected 1977 gold pieces.
You spent 533 gold pieces at shops.

Inventory:

Hand Weapons
 a - a +1 long sword of electrocution
 h - a +4 trishula of holy wrath (weapon)
 i - a +5 sacred scourge of holy wrath
 m - a +0 blowgun
 w - a +1 antimagic broad axe
 R - a +2 morningstar of protection
Missiles
 y - 2 curare-tipped needles
Armour
 k - a +2 helmet (worn)
 o - a +0 pair of gloves (worn)
 q - a +8 large shield of reflection (worn)
 x - a +2 plate armour of cold resistance
 C - a +6 plate armour (worn)
 I - a +1 pair of boots (worn)
 J - a +1 cloak (worn)
Jewellery
 b - a +4 amulet of reflection (around neck)
 c - a +4 ring of protection
 n - a +6 ring of intelligence
 r - a +2 ring of evasion (left hand)
 s - a +3 ring of dexterity
 u - a +6 ring of strength (right hand)
 B - a +4 ring of protection
 D - an uncursed ring of ice
 E - an uncursed ring of fire
 N - the ring of Conformity {rPois rC+}
   (You found it in the Dungeon)

   [ring of poison resistance]

   It protects you from cold.
   It protects you from poison.
 O - the ring "Fosustir" {+Blink rF- rC- MR+++ Slay+3}
   (You found it in the Dungeon)

   [ring of slaying]

   It affects your accuracy and damage with ranged weapons and melee attacks
   (+3).
   It makes you vulnerable to fire.
   It makes you vulnerable to cold.
   It affects your resistance to hostile enchantments.
   It lets you blink.
 P - the ring of Hepliaklqana's Delight {rElec rC+}
   (You found it in the Dungeon)

   [ring of protection from cold]

   It protects you from cold.
   It insulates you from electricity.
Wands
 g - a wand of disintegration (4)
Scrolls
 j - 10 scrolls of remove curse
 l - 2 scrolls of amnesia
 v - 3 scrolls of fear
 L - 2 scrolls of identify
 M - a scroll of blinking
 Q - a scroll of fog
Potions
 d - 3 potions of might
 e - 12 potions of curing
 p - a potion of agility
 t - 2 potions of brilliance
 z - 2 potions of mutation
 A - 8 potions of haste
 G - 2 potions of degeneration
 K - 4 potions of berserk rage
Comestibles
 f - 10 rations


   Skills:
 + Level 20.4 Fighting
 - Level 14.9 Long Blades
 * Level 12.6 Maces & Flails
 - Level 16.0 Polearms
 + Level 22.1 Armour
 + Level 17.7 Dodging
 + Level 19.5 Shields
 - Level 19.7 Invocations
 - Level 15.8 Evocations


You had 16 spell levels left.
You didn't know any spells.
Your spell library contained the following spells:

 Spells                   Type           Power        Failure   Level  Hunger
 Summon Demon             Summ           #.........   100%        5    ######.
 Recall                   Summ/Tloc      N/A          100%        3    ####...
 Shadow Creatures         Summ           N/A          100%        6    #######
 Aura of Abjuration       Summ           #.........   100%        5    ######.
 Summon Forest            Summ/Tloc      #.........   100%        5    ######.
 Summon Mana Viper        Hex/Summ       #.......     100%        5    ######.


Dungeon Overview and Level Annotations

Branches:
Dungeon (1/1)

Altars:
Cheibriados
Dithmenos
Elyvilon
Fedhas
Gozag
Hepliaklqana
Kikubaaqudgha
Makhleb
Nemelex Xobeh
Okawaru
Qazlal
Ru
Sif Muna
Trog
Uskayaw
Vehumet
Wu Jian
Xom
Yredelemnul
Zin
The Shining One
Beogh
Jiyva
Lugonu

Shops:
D =*![


Innate Abilities, Weirdness & Mutations

You are resistant to torment.
Your stone body is resilient. (AC +12)
You are immune to poison.
Your large and strong wings let you fly indefinitely.
You resist negative energy. (rN+)
You are resistant to electric shocks. (rElec)
You can survive without breathing.
You are immune to petrification.
You are immune to rotting.


Message History

The searing blast hits your daeva. The searing blast hits you!
* * * LOW HITPOINT WARNING * * *
Your daeva calls down the wrath of the Shining One upon the red draconian.
The red draconian is smitten.
Your daeva hits the red draconian but does no damage.
Your daeva closely misses the red draconian.
The red draconian hits your daeva with a battleaxe.
Your daeva hits the red draconian with an eudemon blade of holy wrath!
Your daeva misses the red draconian.
Things that are here:
a short sword; a cloak; a white draconian corpse You butcher the white draconian corpse.
Your daeva blocks the red draconian's attack.
Things that are here:
a short sword; a cloak; 2 chunks of flesh Your daeva calls down the wrath of the Shining One upon the red draconian.
The red draconian is smitten.
The red draconian breathes flames at you.
The searing blast hits your daeva. The searing blast hits you!
You die...

)▓.▓.▓.▓)▓.▓)▓.▓.▓
)▓.▓†▓.▓)▓.▓)▓.▓)▓
)▓.▓.▓.▓.▓.▓)▓.▓)▓
)▓.▓†▓.▓.▓.▓)▓.▓)▓
)▓.▓.▓.▓.▓.▓.▓.▓.▓
.▓.▓.▓.▓(▓.▓.▓.▓.▓
.▓.▓.▓.▓)▓.▓.▓.▓.▓
.▓.▓.▓.▓(▓.▓[▓.▓.▓
[▓)▓.▓.▓(▓.▓[▓.▓@▓
[▓.▓.▓.▓(▓.▓[▓.▓.▓
[▓.▓.▓.▓(▓.▓[▓.▓§▓
[▓.▓.▓.▓(▓.▓[▓.▓A▓
[▓.▓)▓.▓.▓.▓[▓.▓d▓
[▓.▓.▓.▓)▓.▓[▓.▓q▓
.▓.▓)▓.▓)▓.▓.▓.▓D▓
.▓.▓)▓.▓(▓.▓.▓.▓D▓
.▓.▓.▓.▓.▓.▓.▓.▓.▓


You could see 2 storm dragons, a red draconian, a red draconian scorcher and a
friendly daeva.

Vanquished Creatures
  An ancient lich (D)
  Mara (D)
  Jory (D)
  A tentacled monstrosity (D)
  A titan (D)
  3 quicksilver dragons (D)
  A tengu reaver (D)
  2 nagarajas (D)
  A draconian monk (D)
  A shadow dragon (D)
  Ilsuiw (D)
  A ghost moth (D)
  A draconian annihilator (D)
  5 emperor scorpions (D)
  A stone giant (D)
  3 black draconians (D)
  Nessos (D)
  A vampire knight (D)
  A red draconian (D)
  An ettin (D)
  A dire elephant (D)
  2 merfolk javelineers (D)
  15 vault guards (D)
  2 naga warriors (D)
  2 hydras (D)
  A two-headed ogre (D)
  3 merfolk aquamancers (D)
  A deep troll shaman (D)
  A deep elf knight (D)
  A glowing orange brain (D)
  9 swamp dragons (D)
  An ironbrand convoker (D)
  An orc sorcerer (D)
  A deep elf mage (D)
  An orb spider (D)
  2 black mambas (D)
  A guardian serpent (D)
  3 moths of wrath (D)
  5 elephants (D)
  A rime drake (D)
  A freezing wraith (D)
  A komodo dragon (D)
  A demonic crawler (D)
  A troll (D)
  A jumping spider (D)
  2 blink frogs (D)
  2 slime creatures (D)
  A hippogriff (D)
  A spriggan (D)
  A yak (D)
  A naga (D)
  4 water moccasins (D)
  2 porcupines (D)
  An orc warrior (D)
  An ice beast (D)
  2 centaurs (D)
  2 crocodiles (D)
  4 bullfrogs (D)
  A killer bee (D)
  A crimson imp (D)
  A jelly (D)
  3 orc wizards (D)
  An adder (D)
  An ooze (D)
  3 adder zombies (D)
  2 dart slugs (D)
  2 orcs (D)
  A bat zombie (D)
  A goblin (D)
  A hobgoblin (D)
  A frilled lizard (D)
131 creatures vanquished.

Vanquished Creatures (collateral kills)
  Mennas (D)
  Sojobo (D)
  Boris (D)
  Frederick (D)
  A golden dragon (D)
  A bone dragon (D)
  A tentacled monstrosity (D)
  A titan (D)
  Frances (D)
  Agnes (D)
  A storm dragon (D)
  4 shadow dragons (D)
  2 tengu reavers (D)
  2 nagarajas (D)
  Donald (D)
  A ghost moth (D)
  3 vault wardens (D)
  A fire giant (D)
  A draconian stormcaller (D)
  Louise (D)
  2 emperor scorpions (D)
  5 very ugly things (D)
  A draconian annihilator (D)
  A vampire knight (D)
  4 stone giants (D)
  An ironheart preserver (D)
  A green draconian (D)
  2 entropy weavers (D)
  2 purple draconians (D)
  A red draconian (D)
  A white draconian (D)
  5 fire dragons (D)
  4 merfolk javelineers (D)
  3 ogre magi (D)
  A great orb of eyes (D)
  A merfolk impaler (D)
  A yaktaur captain (D)
  A ghost crab (D)
  10 vault guards (D)
  A rakshasa (D)
  3 hydras (D)
  A spriggan air mage (D)
  3 ice dragons (D)
  A centaur warrior (D)
  3 merfolk aquamancers (D)
  Erolcha (D)
  An alligator (D)
  A deep troll shaman (D)
  A tengu warrior (D)
  A deep troll earth mage (D)
  A shock serpent (D)
  Urug (D)
  Sonja (D)
  A salamander mystic (D)
  An unseen horror (D)
  A flayed ghost (D)
  A swamp dragon (D)
  2 deep elf archers (D)
  4 orc knights (D)
  3 ironbrand convokers (D)
  A deep elf mage (D)
  2 wolf spiders (D)
  2 cyclopes (D)
  3 orc sorcerers (D)
  A manticore (D)
  A moth of wrath (D)
  2 merfolk sirens (D)
  Maurice (D)
  A black mamba (shapeshifter) (D)
  2 water nymphs (D)
  2 elephants (D)
  3 vault sentinels (D)
  2 black mambas (D)
  3 naga magi (D)
  A smoke demon (D)
  A torpor snail (D)
  A spiny frog (D)
  2 yaktaurs (D)
  A freezing wraith (D)
  A demonic crawler (D)
  2 merfolk (D)
  A jumping spider (D)
  A hornet (D)
  3 bog bodies (D)
  A slime creature (D)
  A hippogriff (D)
  2 redbacks (D)
  A wraith (D)
  A warg (shapeshifter) (D)
  6 nagas (D)
  An acid dragon (D)
  12 orc warriors (D)
  A boggart (D)
  An orc priest (D)
  10 orc wizards (D)
  6 orcs (D)
  A bat skeleton (D)
  A leopard gecko skeleton (D)
192 creatures vanquished.

Vanquished Creatures (others)
  An ice dragon (D)
  A merfolk aquamancer (D)
  An ironbrand convoker (D)
  A blink frog (D)
  An insubstantial wisp (D)
  2 swamp drakes (D)
7 creatures vanquished.

Grand Total: 330 creatures vanquished

Notes
Turn   | Place    | Note
-------+----------+-------------------------------------------
     0 | D        | raistware the Gargoyle Fighter began the quest for the Orb.
     0 | D        | Reached XP level 1. HP: 14/14 MP: 1/1
    23 | D        | Reached XP level 2. HP: 19/19 MP: 2/2
    31 | D        | Noticed an ice beast
    45 | D        | Killed an ice beast
    45 | D        | Reached XP level 3. HP: 23/23 MP: 3/3
    45 | D        | Reached XP level 4. HP: 28/28 MP: 4/4
    56 | D        | Found a roughly hewn altar of Beogh.
    56 | D        | Found a snail-covered altar of Cheibriados.
    56 | D        | Found a shadowy altar of Dithmenos.
    56 | D        | Found a white marble altar of Elyvilon.
    56 | D        | Found a blossoming altar of Fedhas.
    56 | D        | Found an opulent altar of Gozag.
    57 | D        | Found a hazy altar of Hepliaklqana.
    58 | D        | Found a viscous altar of Jiyva.
    59 | D        | Found an ancient bone altar of Kikubaaqudgha.
    60 | D        | Found a corrupted altar of Lugonu.
    61 | D        | Found a burning altar of Makhleb.
    62 | D        | Found a sparkling altar of Nemelex Xobeh.
    63 | D        | Found an iron altar of Okawaru.
    64 | D        | Found a stormy altar of Qazlal.
    65 | D        | Found a sacrificial altar of Ru.
    66 | D        | Found a deep blue altar of Sif Muna.
    67 | D        | Found a bloodstained altar of Trog.
    68 | D        | Found a hide-covered altar of Uskayaw.
    69 | D        | Found a radiant altar of Vehumet.
    70 | D        | Found an ornate altar of the Wu Jian Council.
    71 | D        | Found a shimmering altar of Xom.
    72 | D        | Found a basalt altar of Yredelemnul.
    73 | D        | Found a glowing silver altar of Zin.
    74 | D        | Found a glowing golden altar of the Shining One.
    82 | D        | Became a worshipper of the Shining One
   128 | D        | Noticed a two-headed ogre
   128 | D        | Reached * piety under the Shining One
   128 | D        | Noticed a bullfrog
   130 | D        | Reached XP level 5. HP: 32/32 MP: 5/5
   144 | D        | HP: 1/32 [two-headed ogre/giant spiked club (10)]
   146 | D        | Killed a two-headed ogre
   146 | D        | Reached skill level 7 in Armour
   146 | D        | Reached skill level 5 in Dodging
   146 | D        | Reached XP level 6. HP: 1/37 MP: 6/6
   146 | D        | Reached XP level 7. HP: 1/41 MP: 7/7
   163 | D        | Reached XP level 8. HP: 25/46 MP: 8/8
   339 | D        | Reached ** piety under the Shining One
   339 | D        | Noticed a troll
   339 | D        | Reached *** piety under the Shining One
   358 | D        | Killed a troll
   358 | D        | Reached skill level 8 in Armour
   547 | D        | Noticed a yak
   547 | D        | Reached **** piety under the Shining One
   548 | D        | Noticed a hippogriff
   561 | D        | Reached skill level 9 in Armour
   563 | D        | Killed a yak
   563 | D        | Reached XP level 9. HP: 44/51 MP: 9/9
   565 | D        | Noticed a komodo dragon
   601 | D        | Killed a komodo dragon
   601 | D        | Reached skill level 10 in Armour
   601 | D        | Reached skill level 10 in Shields
   756 | D        | Reached ***** piety under the Shining One
   756 | D        | Noticed a black mamba
   788 | D        | Killed a black mamba
   803 | D        | Noticed a rime drake
   813 | D        | Killed a rime drake
   813 | D        | Reached XP level 10. HP: 56/56 MP: 10/10
   825 | D        | Reached skill level 11 in Armour
   846 | D        | Noticed a dire elephant
   846 | D        | Noticed an elephant
   846 | D        | Noticed an elephant
   846 | D        | Noticed an elephant
   846 | D        | Noticed an elephant
   846 | D        | Noticed an elephant
   879 | D        | Killed an elephant
   879 | D        | Reached skill level 1 in Invocations
   879 | D        | Reached skill level 1 in Evocations
   879 | D        | Killed an elephant
   889 | D        | Killed a dire elephant
   889 | D        | Killed an elephant
   896 | D        | Killed an elephant
   914 | D        | Killed an elephant
   936 | D        | Noticed an elephant
   937 | D        | Noticed an elephant
   944 | D        | Killed an elephant
   944 | D        | Reached skill level 15 in Polearms
   944 | D        | Reached XP level 11. HP: 37/62 MP: 5/17
   999 | D        | Noticed Maurice
  1009 | D        | Killed Maurice
  1009 | D        | Reached skill level 5 in Fighting
  1028 | D        | Noticed Sonja
  1031 | D        | Killed Sonja
  1115 | D        | Reached ****** piety under the Shining One
  1305 | D        | Noticed an orc knight
  1316 | D        | Killed an orc knight
  1351 | D        | Found Muni's Jewellery Emporium.
  1351 | D        | Noticed an orc sorcerer
  1359 | D        | Killed an orc sorcerer
  1359 | D        | Reached skill level 12 in Armour
  1365 | D        | Noticed an orc sorcerer
  1369 | D        | Found Ucvan's Assorted Antiques.
  1370 | D        | Killed an orc sorcerer
  1385 | D        | Found Rulaff's Distillery.
  1393 | D        | Found Gyts's Antique Armour Shoppe.
  1396 | D        | Noticed an orc sorcerer
  1398 | D        | Noticed an orc sorcerer
  1401 | D        | Killed an orc sorcerer
  1403 | D        | Bought a potion of haste for 130 gold pieces
  1403 | D        | Bought a potion of haste for 130 gold pieces
  1403 | D        | Bought 2 potions of curing for 78 gold pieces
  1403 | D        | Bought a potion of haste for 130 gold pieces
  1403 | D        | Bought a potion of heal wounds for 65 gold pieces
  1405 | D        | Killed an orc sorcerer
  1522 | D        | Noticed Urug
  1529 | D        | Killed Urug
  1647 | D        | Noticed an unseen horror
  1647 | D        | Noticed a five-headed hydra
  1647 | D        | Noticed a five-headed hydra
  1647 | D        | Noticed a seven-headed hydra
  1654 | D        | Killed an unseen horror
  1654 | D        | Reached skill level 10 in Invocations
  1658 | D        | Killed a five-headed hydra
  1661 | D        | Killed a five-headed hydra
  1663 | D        | Killed a seven-headed hydra
  1669 | D        | Noticed a purple very ugly thing
  1674 | D        | Noticed a cyclops
  1681 | D        | Killed a purple very ugly thing
  1682 | D        | Noticed a fire dragon
  1684 | D        | Killed a cyclops
  1684 | D        | Reached skill level 5 in Evocations
  1685 | D        | Noticed an ice dragon
  1698 | D        | Killed a fire dragon
  1704 | D        | Noticed a stone giant
  1708 | D        | Noticed a deep troll earth mage
  1712 | D        | Killed an ice dragon
  1712 | D        | Reached skill level 13 in Armour
  1717 | D        | Noticed a tengu warrior
  1723 | D        | Killed a stone giant
  1723 | D        | Reached skill level 10 in Dodging
  1723 | D        | Reached XP level 12. HP: 54/75 MP: 11/20
  1726 | D        | Killed a deep troll earth mage
  1731 | D        | Killed a tengu warrior
  1785 | D        | Noticed Nessos
  1785 | D        | Noticed Erolcha
  1800 | D        | Killed Nessos
  1800 | D        | Reached skill level 1 in Long Blades
  1805 | D        | Killed Erolcha
  1822 | D        | Noticed Agnes
  1850 | D        | Killed Agnes
  2088 | D        | Noticed a merfolk aquamancer
  2101 | D        | Killed a merfolk aquamancer
  2128 | D        | Noticed a merfolk javelineer
  2144 | D        | Killed a merfolk javelineer
  2163 | D        | Noticed an alligator
  2163 | D        | Noticed a ghost crab
  2168 | D        | Killed an alligator
  2168 | D        | Reached skill level 10 in Fighting
  2168 | D        | Reached skill level 14 in Armour
  2189 | D        | Killed a ghost crab
  2209 | D        | Noticed an entropy weaver
  2224 | D        | Killed an entropy weaver
  2345 | D        | Noticed a nagaraja
  2345 | D        | Noticed a shock serpent
  2352 | D        | Killed a nagaraja
  2352 | D        | Reached skill level 5 in Long Blades
  2357 | D        | Killed a shock serpent
  2377 | D        | Reached XP level 13. HP: 72/84 MP: 16/22
  2433 | D        | Noticed Frances
  2444 | D        | Killed Frances
  2625 | D        | Upgraded the game from 0.22-a0-469-gf26638a to 0.22-a0-479-gc6e99f3
  2656 | D        | Noticed Donald
  2673 | D        | Killed Donald
  2717 | D        | Noticed a rakshasa
  2717 | D        | Noticed a fire dragon
  2717 | D        | Noticed a great orb of eyes
  2722 | D        | Killed a rakshasa
  2737 | D        | Killed a fire dragon
  2739 | D        | Noticed an ogre mage
  2743 | D        | Killed a great orb of eyes
  2743 | D        | Reached skill level 15 in Armour
  2748 | D        | Noticed a yaktaur captain
  2751 | D        | Noticed a stone giant
  2752 | D        | Noticed a stone giant
  2758 | D        | Killed an ogre mage
  2760 | D        | Noticed a fire dragon
  2763 | D        | Killed a yaktaur captain
  2777 | D        | Killed a stone giant
  2794 | D        | Killed a stone giant
  2808 | D        | Killed a fire dragon
  2815 | D        | Noticed an ogre mage
  2817 | D        | Noticed a cyan very ugly thing
  2821 | D        | Killed an ogre mage
  2831 | D        | Killed a cyan very ugly thing
  2846 | D        | Noticed a vault warden
  2894 | D        | Killed a vault warden
  2894 | D        | Reached skill level 10 in Evocations
  2905 | D        | Noticed an ironheart preserver
  2919 | D        | Noticed an entropy weaver
  2951 | D        | Killed an ironheart preserver
  2954 | D        | Noticed a vault warden
  2955 | D        | Noticed a vault warden
  2961 | D        | Killed an entropy weaver
  2973 | D        | Killed a vault warden
  2980 | D        | Killed a vault warden
  2980 | D        | Reached skill level 16 in Armour
  2985 | D        | Noticed a vampire knight
  2989 | D        | Killed a vampire knight
  3131 | D        | Noticed Mennas
  3190 | D        | Killed Mennas
  3190 | D        | Reached skill level 15 in Invocations
  3190 | D        | Gained mutation: Your large and strong wings let you fly indefinitely. [Gargoyle growth]
  3190 | D        | Reached XP level 14. HP: 94/94 MP: 10/25
  3381 | D        | Noticed Frederick
  3395 | D        | Killed Frederick
  3439 | D        | Noticed Ilsuiw
  3476 | D        | Killed Ilsuiw
  3480 | D        | Reached skill level 10 in Long Blades
  3490 | D        | Reached skill level 17 in Armour
  3522 | D        | Got a barnacled rune of Zot
  3553 | D        | Noticed an emperor scorpion
  3553 | D        | Noticed a ghost moth
  3553 | D        | Noticed an emperor scorpion
  3553 | D        | Noticed an emperor scorpion
  3553 | D        | Noticed an emperor scorpion
  3559 | D        | Noticed a ghost moth
  3603 | D        | Killed an emperor scorpion
  3611 | D        | Killed a ghost moth
  3634 | D        | Killed an emperor scorpion
  3647 | D        | Killed an emperor scorpion
  3648 | D        | Killed an emperor scorpion
  3650 | D        | Killed a ghost moth
  3671 | D        | Noticed an emperor scorpion
  3708 | D        | Killed an emperor scorpion
  3708 | D        | Reached skill level 15 in Fighting
  3764 | D        | Noticed an emperor scorpion
  3800 | D        | Killed an emperor scorpion
  3804 | D        | Noticed an emperor scorpion
  3841 | D        | Killed an emperor scorpion
  3845 | D        | Got a gossamer rune of Zot
  3854 | D        | Noticed a nagaraja
  3854 | D        | Noticed a nagaraja
  3864 | D        | Killed a nagaraja
  3866 | D        | Reached XP level 15. HP: 79/103 MP: 12/27
  3872 | D        | Killed a nagaraja
  3884 | D        | Noticed a nagaraja
  3896 | D        | Killed a nagaraja
  3896 | D        | Reached skill level 18 in Armour
  3913 | D        | Got a serpentine rune of Zot
  4019 | D        | Got a decaying rune of Zot
  4186 | D        | Reached skill level 15 in Shields
  4269 | D        | Reached skill level 15 in Dodging
  4278 | D        | Reached skill level 19 in Armour
  4325 | D        | Noticed an ancient lich
  4337 | D        | Noticed a storm dragon
  4343 | D        | Killed an ancient lich
  4343 | D        | Reached XP level 16. HP: 81/112 MP: 29/29
  4355 | D        | Noticed a shadow dragon
  4359 | D        | Killed a storm dragon
  4360 | D        | Noticed a shadow dragon
  4372 | D        | Killed a shadow dragon
  4383 | D        | Killed a shadow dragon
  4402 | D        | Noticed a tengu reaver
  4415 | D        | Killed a tengu reaver
  4419 | D        | Reached skill level 15 in Evocations
  4436 | D        | Noticed a shadow dragon
  4436 | D        | Noticed a titan
  4436 | D        | Noticed a quicksilver dragon
  4436 | D        | Noticed a titan
  4436 | D        | Noticed a shadow dragon
  4450 | D        | Killed a shadow dragon
  4457 | D        | Killed a titan
  4457 | D        | Reached skill level 20 in Armour
  4458 | D        | Noticed a quicksilver dragon
  4458 | D        | Noticed a shadow dragon
  4464 | D        | Killed a quicksilver dragon
  4469 | D        | Killed a titan
  4482 | D        | Killed a shadow dragon
  4492 | D        | Killed a shadow dragon
  4509 | D        | Killed a quicksilver dragon
  4523 | D        | Got a crystal halberd
  4524 | D        | Identified the cursed +1 halberd of Corporal Punishment {chop, +Blink rPois rC- Dex+2} (You found it in the Dungeon)
  4530 | D        | Got a silver rune of Zot
  4576 | D        | Noticed Jory
  4586 | D        | Killed Jory
  4653 | D        | Noticed Mara
  4661 | D        | Killed Mara
  4664 | D        | Identified a sacred scourge of holy wrath {god gift} (a demon whip of electrocution blessed by the Shining One)
  4664 | D        | Received a gift from the Shining One
  4697 | D        | Got the amulet "Zifies" {Faith *Contam rC+ Str+2}
  4699 | D        | Got the ring "Jaulif" {Ice +Blink Str-2 Dex+4}
  4701 | D        | Got the ring of Conformity {rPois rC+}
  4703 | D        | Got the ring "Fosustir" {+Blink rF- rC- MR+++ Slay+3}
  4705 | D        | Found the +14 obsidian axe {chop, +Fly SInv *Curse}
  4705 | D        | Got the ring of Hepliaklqana's Delight {rElec rC+}
  4831 | D        | Noticed Boris
  4834 | D        | Noticed Sojobo
  4841 | D        | Noticed a tengu reaver
  4847 | D        | Noticed a tengu reaver
  4855 | D        | Killed Boris
  4886 | D        | Killed Sojobo
  4886 | D        | Reached skill level 5 in Maces & Flails
  4891 | D        | Killed a tengu reaver
  4900 | D        | Killed a tengu reaver
  4900 | D        | Reached skill level 21 in Armour
  4944 | D        | Noticed Louise
  4958 | D        | Killed Louise
  4978 | D        | Noticed a tentacled monstrosity
  4978 | D        | Noticed a quicksilver dragon
  4986 | D        | Killed a tentacled monstrosity
  5013 | D        | Reached XP level 17. HP: 97/122 MP: 21/30
  5022 | D        | Killed a quicksilver dragon
  5110 | D        | Noticed a bone dragon
  5139 | D        | Killed a bone dragon
  5184 | D        | Reached skill level 10 in Maces & Flails
  5455 | D        | Noticed a tentacled monstrosity
  5469 | D        | Killed a tentacled monstrosity
  5874 | D        | Noticed a golden dragon
  5902 | D        | Reached skill level 22 in Armour
  5909 | D        | Killed a golden dragon
  5914 | D        | Killed from afar by a red draconian

Vault maps used:
D:        linesprint

Skill      XL: |  1  2  3  4  5  6  7  8  9 10 11 12 13 14 15 16 17 |
---------------+----------------------------------------------------+-----
Polearms       | 4 8 11 12 14 15 16 | 16.0
Armour         | 7 9 10 11 13 14 16 17 19 21 22 | 22.1
Dodging        | 5 6 7 8 10 11 12 14 15 16 17 | 17.7
Shields        | 7 9 10 11 13 16 18 19 | 19.5
Invocations    | 8 11 12 15 16 18 19 | 19.7
Evocations     | 1 5 8 11 12 14 15 | 15.8
Fighting       | 4 8 11 13 15 17 19 20 | 20.4
Long Blades    | 5 9 11 13 14 | 14.9
Maces & Flails | 8 12 | 12.6

Action                   |  1- 3 |  4- 6 |  7- 9 | 10-12 | 13-15 | 16-18 || total
-------------------------+-------+-------+-------+-------+-------+-------++-------
Melee: Trident           |    34 |    20 |   164 |   139 |       |       ||   357
       Spear             |       |       |       |    20 |   119 |       ||   139
       Trishula          |       |       |       |       |   396 |   210 ||   606
Invok: Summon Divine War |       |       |       |    12 |    19 |    20 ||    51
       Cleansing Flame   |       |       |       |     1 |     6 |     2 ||     9
       Divine Shield     |       |       |       |     1 |     1 |     1 ||     3
       Brand Weapon With |       |       |       |       |       |     1 ||     1
Evoke: Wand              |       |       |     2 |     8 |       |     1 ||    11
  Use: Potion            |     1 |     1 |     3 |     5 |     8 |     5 ||    23
       Scroll            |       |       |       |     2 |    11 |     4 ||    17
  Eat: Chunk             |       |       |       |     8 |     9 |     4 ||    21
       Ration            |       |       |       |       |     1 |     2 ||     3
Armor: Scale mail        |     7 |       |       |       |       |       ||     7
       Plate armour      |       |     2 |    54 |    52 |    85 |    35 ||   228
Dodge: Dodged            |    10 |     6 |    30 |    24 |    52 |    23 ||   145
Block: Shield            |     7 |     6 |    60 |    48 |    16 |       ||   137
       Large shield      |       |       |       |       |   248 |    99 ||   347
       Reflection        |       |       |       |       |     7 |     3 ||    10

Table legend:
 A = Spawn XP
 B = Non-spawn XP
 C = Spawn XP percentage of total XP
 D = Spawn monster count
 E = Non-spawn monster count
 F = Spawn count percentage of total count
 G = Total turns spent on level
                    A         B        C        D         E        F      G
               +---------+---------+-------+---------+---------+-------+---------
         Total |       0 |  206775 |   0.0 |       0 |     326 |   0.0 |  5914
               +---------+---------+-------+---------+---------+-------+---------
             D |       0 |  206775 |   0.0 |       0 |     326 |   0.0 |  5914
               +---------+---------+-------+---------+---------+-------+---------
